 Dungeon Crawl Stone Soup version 0.22.1-1-ga44c0e5 (webtiles) character file.

870 Folque the Stinger (level 8, -8/54 HPs)
             Began as an Octopode Venom Mage on Oct 7, 2018.
             Was a Follower of Zin.
             Mangled by Grinder (10 damage)
             ... on level 6 of the Dungeon.
             The game lasted 00:21:33 (4932 turns).

Folque the Stinger (Octopode Venom Mage)            Turns: 4932, Time: 00:21:33

Health: -8/54      AC:  1    Str:  7    XL:     8   Next: 3%
Magic:  3/14       EV: 13    Int: 24    God:    Zin [*.....]
Gold:   127        SH:  0    Dex: 13    Spells: 9/15 levels left

rFire    . . .     SeeInvis .   v - +1 mace (holy)
rCold    . . .     Gourm    .   (no shield)
rNeg     . . .     Faith    .   (helmet restricted)
rPois    .         Spirit   .   (no amulet)
rElec    .         Reflect  .   (no ring)
rCorr    .         Harm     .   (no ring)
MR       .....                  (no ring)
Stlth    ++++......             (no ring)
HPRegen  0.18/turn              (no ring)
MPRegen  0.14/turn              (no ring)
                                (no ring)
                                (no ring)

@: brilliant
A: almost no armour, stealthy swim, amphibious, 8 rings, constrict 8, camouflage
1, gelatinous body 1
a: Recite, Donate Gold, Renounce Religion


You were on level 6 of the Dungeon.
You worshipped Zin.
Zin was aware of your devotion.
You were hungry.

You visited 2 branches of the dungeon, and saw 7 of its levels.

You collected 243 gold pieces.
You donated 116 gold pieces to Zin.

Inventory:

Hand Weapons
 a - a +0 whip
 j - a +0 hunting sling
 k - a +0 spear
 s - a +0 scythe of flaming
 v - a +1 mace of holy wrath (weapon)
 w - a +0 hand crossbow
Missiles
 c - 12 poisoned needles
 i - 41 sling bullets
 x - 17 bolts
Armour
 A - a +0 leather armour
Jewellery
 f - an uncursed ring of see invisible {unknown}
 n - an uncursed amulet of rage
 t - an uncursed ring of wizardry {unknown}
Wands
 r - a wand of flame (40)
 y - a wand of random effects (22)
Scrolls
 d - 4 scrolls of identify
 e - a scroll of blinking {unknown}
 g - a scroll of fear {unknown}
 h - a scroll of fog
 o - a scroll of enchant armour
 p - 3 scrolls of enchant weapon {unknown}
 C - a scroll of magic mapping
Potions
 l - a potion of haste {unknown}
 m - a potion of invisibility {unknown}
 q - 3 potions of brilliance
 u - a potion of mutation {unknown}
 B - a potion of curing {unknown}
Comestibles
 b - 16 rations


   Skills:
 - Level 4.6 Fighting
 - Level 2.0 Dodging
 + Level 5.9 Stealth
 - Level 4.2 Spellcasting
 - Level 1.0 Conjurations
 - Level 6.6 Poison Magic
 * Level 0.0 Invocations


You had 9 spell levels left.
You knew the following spells:

 Your Spells              Type           Power        Failure   Level  Hunger
a - Sting                 Conj/Pois      ####         1%          1    None
b - Poisonous Vapours     Pois/Air       #####.       1%          2    None
c - Mephitic Cloud        Conj/Pois/Air  ####....     1%          3    ##.....

Your spell library contained the following spells:

 Spells                   Type           Power        Failure   Level  Hunger
 Olgreb's Toxic Radiance  Pois           ######..     1%          4    ####...
 Venom Bolt               Conj/Pois      #####.....   7%          5    #####..


Dungeon Overview and Level Annotations

Branches:
Dungeon (6/15)             Temple (1/1) D:6

Altars:
Ashenzari
Cheibriados
Elyvilon
Fedhas
Kikubaaqudgha
Makhleb
Nemelex Xobeh
Qazlal
Sif Muna
Trog
Uskayaw
Vehumet
Wu Jian
Xom
Yredelemnul
Zin
The Shining One

Annotations:
D:6 Grinder


Innate Abilities, Weirdness & Mutations

You cannot wear most types of armour.
You are very stealthy in the water. (Stealth+)
You are amphibious.
You can wear up to eight rings at the same time.
You can use your tentacles to constrict eight enemies at once.
Your skin changes colour to match your surroundings (Stealth+).
Your rubbery body absorbs attacks. (AC +1, EV +1)


Message History

You constrict Grinder, but do no damage.
Grinder gestures at you. Pain shoots through your body!
Casting: Sting (safe; 1% risk of failure)
Confirm with . or Enter, or press ? or * to list all spells.
Aiming: Sting (safe; 1% risk of failure)
Press: ? - help, Shift-Dir - straight line, f/p - Grinder
Aim: Grinder (severely wounded, constricted by you)
The sting hits Grinder.
Grinder is severely wounded.
You constrict Grinder. Grinder misses you.
You hit Grinder.
Grinder convulses.
Grinder is almost dead.
You constrict Grinder, but do no damage.
Grinder hits you!
* * * LOW HITPOINT WARNING * * *
You writhe in agony.
* * * LOW HITPOINT WARNING * * *
Grinder hits you!
You die...

...# ....[...(......S
...# ....F...(.......
...+ ..................
...# #[........).......
...# #.............#
#### #.......(((..# #
#.........(### #
#.........5#### #
#..........@(.#
######........#.....#
.............>#.........
.........######<......##
#...##...# #.....###
#...##...######.....#
##....................
#....................
#..............


You could see Grinder and a bullfrog (confused).

Vanquished Creatures
  Sigmund (D:3)
  A sky beast (D:6)
  An ogre (D:6)
  A centaur (D:6)
  2 crimson imps
  A hound (D:4)
  An orc wizard (D:3)
  Ijyb (D:5)
  A worker ant (D:5)
  A hound zombie (D:5)
  4 gnolls (D:5)
  12 adders
  2 shadow imps (D:5)
  An adder skeleton (D:4)
  A worm (D:3)
  3 dart slugs
  9 orcs
  11 bats
  4 giant cockroaches
  9 goblins
  6 hobgoblins
  15 jackals
  2 quokkas (D:6)
  A frilled lizard (D:4)
  5 kobolds
  8 rats
104 creatures vanquished.

Notes
Turn   | Place    | Note
-------+----------+-------------------------------------------
     0 | D:1      | Folque the Octopode Venom Mage began the quest for the Orb.
     0 | D:1      | Reached XP level 1. HP: 11/11 MP: 3/3
    72 | D:1      | Reached skill level 4 in Poison Magic
   431 | D:1      | Reached XP level 2. HP: 17/17 MP: 5/5
   876 | D:2      | Reached XP level 3. HP: 22/22 MP: 3/6
   976 | D:2      | Reached skill level 1 in Fighting
   980 | D:2      | Learned a level 2 spell: Poisonous Vapours
   984 | D:2      | Learned a level 3 spell: Mephitic Cloud
  1060 | D:2      | Found a glowing golden altar of the Shining One.
  1060 | D:2      | Found a deep blue altar of Sif Muna.
  1060 | D:2      | Found a shattered altar of Ashenzari.
  1587 | D:2      | Reached XP level 4. HP: 29/29 MP: 4/7
  1834 | D:2      | Found an ancient bone altar of Kikubaaqudgha.
  2025 | D:2      | Reached skill level 5 in Poison Magic
  2142 | D:3      | Reached XP level 5. HP: 10/35 MP: 0/9
  2709 | D:3      | Noticed Sigmund
  2753 | D:3      | Killed Sigmund
  2753 | D:3      | Reached XP level 6. HP: 42/42 MP: 1/11
  3599 | D:5      | Entered Level 5 of the Dungeon
  3644 | D:5      | Noticed Ijyb
  3654 | D:5      | Killed Ijyb
  3654 | D:5      | Reached skill level 6 in Poison Magic
  3654 | D:5      | Reached XP level 7. HP: 43/46 MP: 9/12
  3745 | D:5      | Reached skill level 5 in Stealth
  4399 | D:6      | Noticed Grinder
  4656 | D:6      | Found a staircase to the Ecumenical Temple.
  4666 | Temple   | Entered the Ecumenical Temple
  4682 | Temple   | Became a worshipper of Zin the Law-Giver
  4682 | Temple   | Reached * piety under Zin
  4683 | Temple   | Donated 92 gold pieces to Zin
  4925 | D:6      | Reached XP level 8. HP: 43/54 MP: 3/14
  4932 | D:6      | HP: 2/54 [Grinder (4)]
  4932 | D:6      | Mangled by Grinder

Skill      XL: |  1  2  3  4  5  6  7 |
---------------+----------------------+-----
Poison Magic   | 4 5 6 |  6.6
Fighting       | 1 2 3 4 |  4.6
Stealth        | 3 4 5 |  5.9
Spellcasting   | 3 4 |  4.2
Dodging        | |  2.0
Conjurations   | |  1.0

Action                   |  1- 3 |  4- 6 |  7- 9 || total
-------------------------+-------+-------+-------++-------
Melee: Whip              |    59 |    63 |       ||   122
       Constrict         |    15 |    19 |     5 ||    39
       Tentacles         |     6 |    10 |     5 ||    21
       Scythe            |       |    23 |    37 ||    60
       Mace              |       |       |     6 ||     6
 Fire: Hunting sling     |       |     6 |       ||     6
       Hand crossbow     |       |       |     7 ||     7
 Cast: Sting             |    30 |    46 |    21 ||    97
       Poisonous Vapours |       |     8 |    11 ||    19
       Mephitic Cloud    |       |     3 |    11 ||    14
Invok: Donate Gold       |       |       |     1 ||     1
  Use: Potion            |     2 |       |     2 ||     4
       Scroll            |       |     7 |     1 ||     8
 Stab: Sleeping          |     6 |     7 |     3 ||    16
       Confused          |       |     1 |     1 ||     2
  Eat: Chunk             |     2 |     8 |     4 ||    14
Armor: Skin              |    11 |     2 |     3 ||    16
Dodge: Dodged            |    42 |    62 |    35 ||   139
